 Dungeon Crawl Stone Soup version 0.29-a0-555-g3b24f45cc1 (webtiles) character file.

Game seed: 4263090387889885399

303 Hubjo the Insei (level 6, -21/46 HPs)
             Began as a Demonspawn Transmuter on June 7, 2022.
             Killed from afar by an acid dragon (28 damage)
             ... with a splash of acid
             ... on level 4 of the Dungeon.
             The game lasted 00:04:56 (3770 turns).

Hubjo the Insei (Demonspawn Transmuter)             Turns: 3770, Time: 00:04:56

Health: -21/46     AC: 10    Str: 15    XL:     6   Next: 15%
Magic:  10/10      EV: 12    Int: 14    God:
Gold:   156        SH:  0    Dex: 15    Spells: 10/11 levels left

rFire   + . .      SeeInvis .   l - +5 whip of Immorality {vorpal, Str+4}
rCold   . . .      Faith    .   (no shield)
rNeg    . . .      Spirit   .   a - +2 robe
rPois   .          Reflect  .   (helmet restricted)
rElec   .          Harm     .   (no cloak)
rCorr   .          Rampage  .   (no gloves)
Will    .....                   (no boots)
Stlth   ++........              (no amulet)
HPRegen 0.15/turn               f - ring of protection from fire
MPRegen 0.12/turn               k - +4 ring of protection

@: no status effects
A: antennae 1, slimy green scales 1, foul stench 1, powered by death 1
a: no special abilities


You were on level 4 of the Dungeon.
You visited 1 branch of the dungeon, and saw 4 of its levels.

You collected 156 gold pieces.

Inventory:

Hand Weapons
 l - the +5 whip of Immorality (weapon) {vorpal, Str+4}
   (You found it on level 3 of the Dungeon)

   It inflicts extra damage upon your enemies.
   Str:       It affects your strength (+4).
Missiles
 c - a throwing net
Armour
 a - a +2 robe (worn)
Jewellery
 f - a ring of protection from fire (left hand)
 k - a +4 ring of protection (right hand)
Scrolls
 d - a scroll of identify {unknown}
 e - a scroll of fear
 g - 2 scrolls of enchant armour (quivered)
Potions
 b - a potion of lignification
 h - a potion of invisibility {unknown}
 m - a potion of berserk rage {unknown}
 p - a potion of mutation {unknown}


   Skills:
 + Level 2.9 Fighting
 - Level 1.7 Dodging
 + Level 2.1 Stealth
 + Level 3.5 Unarmed Combat
 + Level 3.0 Spellcasting
 * Level 3.4 Transmutations


You had 10 spell levels left.
You knew the following spells:

 Your Spells              Type           Power      Damage    Failure   Level
a - Beastly Appendage     Tmut           22%        N/A       5%          1

Your spell library contained the following spells:

 Spells                   Type           Power      Damage    Failure   Level
 Wereblood                Tmut           11%        N/A       8%          2
 Necrotize                Necr           8%         1d4       22%         1
 Spider Form              Tmut/Pois      7%         N/A       30%         3
 Dazzling Flash           Conj/Hex       4%         N/A       54%         3
 Ice Form                 Ice/Tmut       7%         N/A       71%         4
 Iskenderun's Mystic Bla  Conj/Tloc      2%         2d3       91%         4
 Starburst                Conj/Fire      1%         6d3       100%        6


Dungeon Overview and Level Annotations

Branches:
Dungeon (4/15)
 Temple: D:4-7

Altars:
Elyvilon
Hepliaklqana
Kikubaaqudgha
Nemelex Xobeh
Vehumet


Innate Abilities, Weirdness & Mutations

You have a pair of small antennae on your head.
You are partially covered in slimy green scales. (AC +2)
You may rarely emit foul miasma when damaged in melee.
You regenerate a little health from kills.


Message History

The orc wizard hits you but does no damage.
The orc wizard points at you and mumbles some strange words.
The magic dart hits you but does no damage.
A magic dart appears from out of thin air!
Deactivating autopickup; reactivate with Ctrl-A.
The magic dart hits you but does no damage.
The orc wizard hits you but does no damage.
The orc wizard hits you but does no damage.
You hear some strange, mumbled words.
Something tries to affect you, but you resist.
The orc wizard hits you but does no damage.
The orc wizard misses you.
You hear some strange, mumbled words.
Something tries to affect you, but you resist.
An orc wizard appears from thin air!
Reactivating autopickup.
The orc wizard closely misses you.
The orc wizard points at you and mumbles some strange words.
The puff of flame hits you. You resist.
The orc wizard hits you but does no damage.
The orc wizard mumbles some strange words.
The orc wizard flickers and vanishes!
Deactivating autopickup; reactivate with Ctrl-A.
The orc wizard hits you but does no damage.
The acid dragon roars!
You hear some strange, mumbled words.
A magic dart appears from out of thin air!
The magic dart hits you.
The orc wizard hits you with a +0 dagger.
Something hits you but does no damage.
The orc wizard gestures at you while chanting.
The magic dart hits you.
* * * LOW HITPOINT WARNING * * *
Something hits you but does no damage. The orc wizard casts a spell at you.
The magic dart hits you.
* * * LOW HITPOINT WARNING * * *
The acid dragon spits acid at you. The splash of acid hits you!!
Ouch! That really hurt!
You die...

#....>.......'....'.........
#######.#...#...###....#.........
#......#######..+................
########..#..##.###........#.....
.'...##...........#.....
#....##................
####.....#......#.....D...
#..#.⌠.⌠.#{..D..#.........
#_.').⌠.)@......##.......#
#..#.⌠.⌠.#o.....##..)....#
####.....#......##.......#
#..#....##......##........
#_)'...###......#.........
#..#..## +......#...####..
####### #......#... #..
#......### #.. .....


You could see an acid dragon (catching breath) and an orc wizard.

Vanquished Creatures
  Sigmund (D:4)
  3 orc wizards (D:4)
  2 adders (D:2)
  A worm (D:2)
  A dart slug (D:3)
  An orc (D:3)
  4 endoplasms
  3 giant cockroaches
  4 hobgoblins
  2 jackals (D:2)
  A quokka (D:2)
  10 ball pythons
  6 bats
  2 frilled lizards (D:2)
  3 goblins
  6 kobolds
  2 rats (D:2)
52 creatures vanquished.

Notes
Turn   | Place    | Note
-------+----------+-------------------------------------------
     0 | D:1      | Hubjo the Demonspawn Transmuter began the quest for the
                  | Orb.
     0 | D:1      | Reached XP level 1. HP: 15/15 MP: 3/3
   485 | D:1      | Gained mutation: You may rarely emit foul miasma when
                  | damaged in melee. [demonic ancestry]
   485 | D:1      | Reached XP level 2. HP: 21/21 MP: 5/5
  1210 | D:2      | Gained mutation: You regenerate a little health from kills.
                  | [demonic ancestry]
  1210 | D:2      | Reached XP level 3. HP: 17/27 MP: 6/6
  1430 | D:2      | Reached skill level 1 in Stealth
  1698 | D:2      | Identified the +5 dagger of Olefuw {vorpal, Str+6}
  2459 | D:3      | Found a sparkling altar of Nemelex Xobeh.
  2617 | D:3      | Found a faded altar of an unknown god.
  2670 | D:3      | Gained mutation: You are partially covered in slimy green
                  | scales. (AC +2) [demonic ancestry]
  2670 | D:3      | Reached XP level 4. HP: 31/33 MP: 7/7
  2672 | D:3      | Identified the +5 whip of Immorality {vorpal, Str+4}
  2879 | D:3      | Found a hazy altar of Hepliaklqana.
  3147 | D:4      | Found a radiant altar of Vehumet.
  3239 | D:4      | Found an ancient bone altar of Kikubaaqudgha.
  3595 | D:4      | Noticed Sigmund
  3605 | D:4      | Killed Sigmund
  3606 | D:4      | Gained mutation: You have a pair of small antennae on your
                  | head. [demonic ancestry]
  3606 | D:4      | Reached XP level 5. HP: 33/40 MP: 7/9
  3606 | D:4      | Reached XP level 6. HP: 38/46 MP: 7/10
  3701 | D:4      | Noticed an acid dragon
  3734 | D:4      | Got Kikubaaqudgha's Incunabulum of Evil
  3770 | D:4      | Killed from afar by an acid dragon

Illustrated notes

Levels and vault maps discovered:
D:1:      mrwooster_arrival_statue_3, layout_basic, minivault_14, minivault_27,
          minmay_misc_feat_secret_circle, minmay_indecisive_spiral
D:2:      layout_basic
D:3:      layout_basic, mainiacjoe_overflow_catwalk_spiral,
          nicolae_hepliaklqana_hippocampus, nicolae_ecumenical_pavilion
D:4:      cheibrodos_greedy_goblins, layout_basic, palyth_temple_overflow_mages,
          serial_shops, nicolae_shop_advertising_works
          [nicolae_subvault_shop_adworks], nicolae_shop_hallway_plus,
          kennysheep_decorative_pillar, uniq_sigmund

Skill      XL: |  1  2  3  4 |
---------------+-------------+-----
Transmutations | 2 3 |  3.4
Stealth        | 1 2 |  2.1
Fighting       | 2 |  2.9
Unarmed Combat | 3 |  3.5
Spellcasting   | 3 |  3.0
Dodging        | |  1.7

Action                   |  1- 3 |  4- 6 || total
-------------------------+-------+-------++-------
Melee: Unarmed           |   102 |       ||   102
       Headbutt          |    15 |       ||    15
       Kick              |    18 |       ||    18
       Whip              |       |    47 ||    47
       Punch             |       |     2 ||     2
 Cast: Beastly Appendage |    35 |     1 ||    36
  Use: Potion            |     3 |     1 ||     4
       Scroll            |       |     6 ||     6
 Stab: Sleeping          |     4 |     1 ||     5
       Distracted        |     1 |       ||     1
Armor: Robe              |    18 |    56 ||    74
Dodge: Dodged            |    74 |    24 ||    98

Table legend: (Time is in decaauts)
 A = Elapsed time spent in this place.
 B = Non-inter-level travel time spent in this place.
 C = Inter-level travel time spent in this place.
 D = Time resting spent in this place.
 E = Time spent auto-exploring this place.
 F = Levels seen in this place.
 G = Mean time per level.
                   A        B        C        D        E       F      G
               +--------+--------+--------+--------+--------+-----+--------+
         Total |   3748 |   3621 |    127 |      0 |   3095 |   4 |  937.0 |
       Dungeon |   3748 |   3621 |    127 |      0 |   3095 |   4 |  937.0 |
               +--------+--------+--------+--------+--------+-----+--------+

Top non-repeatable levels by time:
     D:2: 1614 daAuts
     D:1: 782 daAuts
     D:4: 776 daAuts
     D:3: 574 daAuts
